 Dungeon Crawl Stone Soup version 0.30-a0-777-ga9a30cbeda (webtiles) character file.

Game seed: 3956023882458104780

39 Esekla the Sneak (level 3, -3/30 HPs)
             Began as a Barachi Delver on Feb 14, 2023.
             Killed from afar by Sigmund (10 damage)
             ... with a puff of flame
             ... on level 5 of the Dungeon.
             The game lasted 00:03:30 (152 turns).

Esekla the Sneak (Barachi Delver)                    Turns: 152, Time: 00:03:30

Health: -3/30      AC:  3    Str: 13    XL:     3   Next: 45%
Magic:  4/4        EV: 12    Int: 12    God:
Gold:   0          SH:  0    Dex: 13    Spells: 4/4 levels left

rFire   . . .      SeeInvis .    a - +0 falchion
rCold   . . .      Faith    .    (no shield)
rNeg    . . .      Spirit   .    b - +0 leather armour
rPois   .          Reflect  .    (no helmet)
rElec   .          Harm     .    (no cloak)
rCorr   .          Rampage  .    (no gloves)
Will    .....                    (no boots)
Stlth   +                        (no amulet)
HPRegen 0.25/turn                (no ring)
MPRegen 0.09/turn                (no ring)

@: confused, unable to hop, slow
A: amphibious, slowness 1, strong legs 1, +LOS
a: Hop


You were on level 5 of the Dungeon.
You visited 1 branch of the dungeon, and saw 2 of its levels.

Inventory:

Hand Weapons
 a - a +0 falchion (weapon)
Armour
 b - a +0 leather armour (worn)
Wands
 g - a wand of digging (3)
Scrolls
 c - a scroll of fog


   Skills:
 * Level 4.2 Fighting
 * Level 2.9 Long Blades
 * Level 1.4 Armour
 + Level 2.3 Dodging
 - Level 4.5 Stealth
 * Level 1.2 Spellcasting


You had 4 spell levels left.
You didn't know any spells.
Your spell library was empty.

Dungeon Overview and Level Annotations

Branches:
Dungeon (6/15)
 Temple: D:4-7

Altars:

Shops:
D:5 [[(

Annotations:
D:5 Prince Ribbit, Sigmund


Innate Abilities, Weirdness & Mutations

You are amphibious.
You cover ground slowly.
You can hop short distances.
You have an extended range of vision and can be seen from far away.


Message History

The kobold throws a stone.
The stone hits you but does no damage.
A kobold comes into view. It is wielding a +0 whip.
The kobold brigand shouts!
Your extra speed is starting to run out.
The iguana hisses menacingly.
There is a shaft here.
The kobold hits you with a +0 short sword.
The kobold brigand throws a poisoned dart.
The poisoned dart hits you!
You are poisoned.
The kobold falls through a shaft!
The shaft crumbles and collapses.
Found a scale mail.
You feel very sick.
There is a stone staircase leading up here.
You feel sick.
You climb upwards.
You feel yourself slow down.
You feel sick.
There is a stone staircase leading down here.
You feel sick.
You feel sick.
You feel sick. As you open the door, it creaks loudly!
You feel sick.
A worm comes into view.
Found 8 stones and a fuming pink potion.
You feel sick.
You are no longer poisoned.
There is an open door here.
You close the door.
Sigmund the Dreaded comes into view.
He is wielding a +0 scythe.
Sigmund shouts!
An iguana comes into view.
Sigmund gestures at you while chanting.
You are confused.
The iguana hisses angrily.
Prince Ribbit comes into view.
Sigmund casts a spell at you. The puff of flame hits you!
You die...

,,,,* #.F.....# ,,,,*
#.l.....# ,,,****
****#.......#
*****,****,,,#.......#
,,,,,,,*,,,,,#...@...#
,,,,,,,+,,,,,#.......#
,,,,,,,*,....#.......#
,,,,,,,*,....#.......#
,,,*#****#..w#..@....#
+***#.####...#.......#
,,,*.........#.......#
,,,*.........#.......#
,,,*!....(...#.......#
,,,*.........+.......#
**,**#######+#.......#
,*,**#...............#
,*,,,#...............#


You could see Prince Ribbit (wandering), Sigmund and an iguana.

Vanquished Creatures
  A howler monkey (D:5)
  An ufetubus (D:5)
2 creatures vanquished.

Notes
Turn   | Place    | Note
-------+----------+-------------------------------------------
     0 | D:5      | Esekla the Barachi Delver began the quest for the Orb.
     0 | D:5      | Reached XP level 1. HP: 18/18 MP: 1/1
    14 | D:5      | Noticed a howler monkey
    15 | D:5      | Noticed an ice beast
    24 | D:5      | Killed a howler monkey
    25 | D:5      | Reached skill level 1 in Armour
    25 | D:5      | Reached skill level 1 in Spellcasting
    25 | D:5      | Reached XP level 2. HP: 19/25 MP: 1/3
    25 | D:5      | Reached XP level 3. HP: 23/30 MP: 1/4
    42 | D:5      | Found Luhocsim's Antique Weapon Emporium.
   112 | D:5      | Found Kifrai Cyll's Armour Shop.
   112 | D:5      | Noticed a two-headed ogre
   122 | D:6      | Noticed a kobold brigand
   149 | D:5      | Noticed Sigmund
   152 | D:5      | Noticed Prince Ribbit
   152 | D:5      | Killed from afar by Sigmund

Illustrated notes

Levels and vault maps discovered:
D:5:      layout_gridville, serial_shops, shop, shop, nicolae_shop_trees,
          hangedman_abyss_or_decor_passed, uniq_menkaure, uniq_prince_ribbit1,
          uniq_sigmund
D:6:      minmay_skewed_foursquare, layout_cave_pods,
          nicolae_gozag_zags_fifth_avenue, serial_shops,
          nicolae_shop_advertising_works [nicolae_subvault_shop_adworks]

Skill      XL: |  1 |
---------------+----+-----
Fighting       | 4 |  4.2
Armour         | 1 |  1.4
Spellcasting   | 1 |  1.2
Long Blades    | |  2.9
Dodging        | |  2.3
Stealth        | |  4.5

Action                     || total
---------------------------++-------
  Melee: Falchion          ||    25
Ability: Hop               ||     1
    Use: Scroll            ||     2
         Potion            ||     1
 Armour: Leather armour    ||     8
  Dodge: Dodged            ||    46

Table legend: (Time is in decaauts)
 A = Elapsed time spent in this place.
 B = Non-inter-level travel time spent in this place.
 C = Inter-level travel time spent in this place.
 D = Time resting spent in this place.
 E = Time spent auto-exploring this place.
 F = Levels seen in this place.
 G = Mean time per level.
                   A        B        C        D        E       F      G
               +--------+--------+--------+--------+--------+-----+--------+
         Total |    162 |    162 |      0 |      0 |      0 |   2 |   81.0 |
       Dungeon |    162 |    162 |      0 |      0 |      0 |   2 |   81.0 |
               +--------+--------+--------+--------+--------+-----+--------+

Top non-repeatable levels by time:
     D:5: 147 daAuts
     D:6: 14 daAuts
